 Dungeon Crawl Stone Soup version 0.25.1-8-g42b30a86e7 (webtiles) character file.

Game seed: 13520199838723154149

295 Eitelfritz the Slasher (level 6, 0/52 HPs)
             Began as a Hill Orc Gladiator on Dec 26, 2020.
             Slain by a sky beast (2 damage)
             ... on level 4 of the Dungeon.
             The game lasted 00:07:45 (3361 turns).

Eitelfritz the Slasher (Hill Orc Gladiator)         Turns: 3361, Time: 00:07:46

Health: 0/52       AC:  9    Str: 18    XL:     6   Next: 34%
Magic:  6/6        EV: 11    Int:  9    God:
Gold:   229        SH:  0    Dex: 12    Spells: 5/5 levels left

rFire    . . .     SeeInvis .   a - +1 long sword
rCold    . . .     Gourm    .   (no shield)
rNeg     . . .     Faith    .   t - +0 scale mail
rPois    .         Spirit   .   c - +2 helmet
rElec    .         Reflect  .   (no cloak)
rCorr    .         Harm     .   (no gloves)
MR       .....                  (no boots)
Stlth    ..........             (no amulet)
HPRegen  0.17/turn              (no ring)
MPRegen  0.10/turn              (no ring)

@: no status effects
A: no striking features
a: no special abilities


You were on level 4 of the Dungeon.
You were not hungry.

You visited 1 branch of the dungeon, and saw 4 of its levels.

You collected 229 gold pieces.

Inventory:

Hand Weapons
 a - a +1 long sword (weapon)
 g - a +0 spear of venom
Missiles
 d - 3 throwing nets
 v - 15 poisoned darts (quivered)
Armour
 c - a +2 helmet (worn)
 t - a +0 scale mail (worn)
Jewellery
 A - a cursed amulet of inaccuracy {unknown}
Wands
 q - a wand of disintegration (11)
Scrolls
 e - 3 scrolls of remove curse
 h - a scroll of magic mapping {unknown}
 i - 2 scrolls of immolation
 k - 2 scrolls of enchant weapon
 o - 2 scrolls of amnesia
 p - 2 scrolls of blinking
 y - a scroll of fog {unknown}
 z - a scroll of identify
Potions
 j - a potion of brilliance {unknown}
 l - a potion of invisibility {unknown}
 m - 2 potions of cancellation
 n - 2 potions of heal wounds {unknown}
 r - a potion of lignification {unknown}
 s - 2 potions of haste {unknown}
 u - a potion of might {unknown}
 w - a potion of stabbing {unknown}
 x - a potion of curing {unknown}
Comestibles
 b - a chunk of flesh
 f - 8 rations


   Skills:
 + Level 3.8 Fighting
 + Level 5.7 Long Blades
 + Level 1.9 Throwing
 + Level 2.6 Armour
 + Level 3.1 Dodging
 + Level 0.2 Stealth


You had 5 spell levels left.
You didn't know any spells.
Your spell library was empty.

Dungeon Overview and Level Annotations

Branches:
Dungeon (4/15)             Temple (0/1) D:4

Altars:
Hepliaklqana
Ru

Annotations:
D:3 2 transporters, Gabide's ghost, amateur HuWn


Message History

The sky beast hits you. The sky beast shocks you.
You miss the sky beast.
The sky beast is severely wounded.
The sky beast hits you. The sky beast shocks you.
You miss the sky beast.
The sky beast is severely wounded.
The sky beast hits you. The sky beast shocks you.
* * * LOW HITPOINT WARNING * * *
You closely miss the sky beast.
The sky beast is severely wounded.
The sky beast hits you.
* * * LOW HITPOINT WARNING * * *
The sky beast shocks you.
* * * LOW HITPOINT WARNING * * *
You miss the sky beast.
The sky beast is severely wounded.
The sky beast flickers out of sight!
Deactivating autopickup; reactivate with Ctrl-A.
Something hits you.
You die...

# #.. #. ..# #.. ##..#
#..# #...# .
.#...###...###..
...≈......##....
#.............. ...
#....{@....[..#
...###............#
#...................##
#.. #.....#...#####...
#.###..>..###.# #.
##...#.....#...#
##.............##
##.......###...##
..........#....#


There were no monsters in sight!

Vanquished Creatures
  An ogre (D:4)
  2 hounds (D:4)
  4 gnolls
  4 adders
  4 worms
  A dart slug (D:1)
  A leopard gecko (D:3)
  An orc (D:3)
  3 giant cockroaches
  8 goblins
  9 hobgoblins
  4 jackals (D:3)
  6 kobolds
  A ball python skeleton (D:4)
  5 bats
  3 frilled lizards
  A rat (D:3)
58 creatures vanquished.

Notes
Turn   | Place    | Note
-------+----------+-------------------------------------------
     0 | D:1      | Eitelfritz the Hill Orc Gladiator began the quest for the
                  | Orb.
     0 | D:1      | Reached XP level 1. HP: 18/18 MP: 1/1
   283 | D:1      | Reached XP level 2. HP: 25/25 MP: 2/2
   522 | D:1      | Reached XP level 3. HP: 26/30 MP: 3/3
  1109 | D:2      | Found a hazy altar of Hepliaklqana.
  1132 | D:2      | Reached skill level 4 in Long Blades
  1526 | D:2      | Reached skill level 1 in Armour
  1526 | D:2      | Reached XP level 4. HP: 32/37 MP: 4/4
  2192 | D:3      | Found a transporter.
  2234 | D:3      | Noticed Gabide's ghost (amateur HuWn)
  2301 | D:3      | Found a transporter.
  2402 | D:3      | Found a sacrificial altar of Ru.
  2668 | D:3      | Reached XP level 5. HP: 33/45 MP: 5/5
  2966 | D:4      | Noticed an ogre
  2984 | D:4      | Killed an ogre
  2984 | D:4      | Reached skill level 5 in Long Blades
  2984 | D:4      | Reached XP level 6. HP: 13/52 MP: 6/6
  3317 | D:4      | Found a staircase to the Ecumenical Temple.
  3334 | D:4      | Noticed a sky beast
  3360 | D:4      | HP: 2/52 [sky beast (5)]
  3361 | D:4      | Slain by a sky beast

Illustrated notes

Levels and vault maps discovered:
D:1:      giann_horns, layout_loops_ring, hangedman_decor_peaks_small
D:2:      layout_basic, marbit_many_paths, first_ration, hex_medium,
          minmay_hedge_maze
D:3:      minmay_wonky_spiral, layout_loops_ring, lemuel_doored_altar,
          gammafunk_ghost_stat_death
D:4:      layout_layer_cave, kennysheep_mini, minmay_temple_entry_tees

Skill      XL: |  1  2  3  4  5 |
---------------+----------------+-----
Long Blades    | 4 5 |  5.7
Armour         | 1 2 |  2.6
Dodging        | 3 |  3.1
Fighting       | 3 |  3.8
Throwing       | |  1.9
Stealth        | |  0.2

Action                   |  1- 3 |  4- 6 || total
-------------------------+-------+-------++-------
Melee: Long sword        |    82 |   107 ||   189
Throw: Dart              |       |     4 ||     4
  Use: Scroll            |       |     9 ||     9
  Eat: Chunk             |     2 |     6 ||     8
Armor: Leather armour    |     9 |       ||     9
       Ring mail         |    10 |       ||    10
       Scale mail        |     9 |    54 ||    63
Dodge: Dodged            |    48 |    54 ||   102
       Rpst.: Long sword |    12 |    23 ||    35
